 Dungeon Crawl Stone Soup version 0.23.3 (webtiles) character file.

Game seed: 4420638205450448085

690943 MordorOrchid the Deadly Accurate (level 27, -8/286 HPs)
             Began as a Gnoll Wanderer on Mar 20, 2020.
             Was the Champion of Qazlal.
             Mangled by an Ice Fiend (34 damage)
             ... on level 17 of a ziggurat on Mar 24, 2020.
             The game lasted 09:47:06 (40804 turns).

MordorOrchid the Deadly Accurate (Gnoll Wanderer)  Turns: 40804, Time: 09:47:07

Health: -8/286     AC: 38    Str: 17    XL:     27
Magic:  44/55      EV: 19    Int: 32    God:    Qazlal [******]
Gold:   3810       SH: 41    Dex: 13    Spells: 9/64 levels left

rFire    + . .     SeeInvis +     - Unarmed
rCold    + . .     Gourm    .   I - +18 shield of the Gong {rElec rN+ MR+ EV-5}
rNeg     + + +     Faith    .   (armour currently unavailable)
rPois    ∞         Spirit   .   U - +2 helmet {SInv}
rElec    +         Reflect  .   Y - +2 cloak "Xoli Wyr" {rN+ Int+3}
rCorr    .         Harm     .   (gloves currently unavailable)
MR       +++++                  (boots currently unavailable)
Stlth    ++........             B - amulet of Unyturgh {RegenMP rPois Str-3 Int+7}
HPRegen  1.97/turn              N - ring of Xuameruv {rF+ rN+ MR+ Str+3 Dex-5}
MPRegen  0.59/turn              Z - ring of wizardry

@: statue-form, protected from cold, very slightly contaminated, regenerating,
studying 2 skills, invisible, repel missiles, very slow
A: distributed training, fangs 1, high mp 2, magic resistance 1, regeneration 1,
sturdy frame 1, strong nose
}: 5/15 runes: barnacled, slimy, silver, icy, gossamer
a: End Transformation, Upheaval, Elemental Force, Disaster Area, Renounce
Religion


You were on level 17 of a ziggurat.
You worshipped Qazlal.
Qazlal was exalted by your worship.
You were not hungry.
You were a stone statue.
You visited 11 branches of the dungeon, and saw 57 of its levels.
You visited 1 bazaar.
You visited 1 ziggurat, and saw 17 of its levels.
You also visited: Trove, Gauntlet, Ice Cave and Wizlab.

You collected 8114 gold pieces.
You spent 4304 gold pieces at shops.

Inventory:

Hand Weapons
 a - the +7 trident of Tuebism {pain, *Noise rPois MR+ Int+2}
   (You found it on level 5 of the Pits of Slime)

   In the hands of one skilled in necromantic magic, it inflicts extra damage on
   living creatures.
   It affects your intelligence (+2).
   It protects you from poison.
   It affects your resistance to hostile enchantments.
   It may make noises in combat.
 b - a +9 blowgun
 r - the +9 scimitar of the Wraith {holy, -Tele rPois rC+}
   (You found it on level 14 of a ziggurat)

   It has been blessed by the Shining One to cause great damage to the undead
   and demons.
   It protects you from cold.
   It protects you from poison.
   It prevents most forms of teleportation.
 y - the +3 rapier of Adiluice {venom, rC++}
   (You took it off a deep elf elementalist on level 5 of the Vaults)

   It poisons the flesh of those it strikes.
   It greatly protects you from cold.
 X - the +9 staff of Wucad Mu {channel}
   (You found it on level 5 of the Pits of Slime)
Missiles
 o - 3 needles of frenzy
 p - 6 throwing nets
 H - 7 curare-tipped needles
 K - 35 javelins (quivered)
Armour
 g - a +2 pair of gloves of archery (melded)
 n - the +1 pair of boots of the Valley (melded) {MR+ rCorr}
   (You found it in a Gauntlet)

   It affects your resistance to hostile enchantments.
   It provides partial protection from all sources of acid and corrosion.
 C - the +5 plate armour of Space (melded) {+Inv MR+}
   (You found it on level 15 of a ziggurat)

   It affects your resistance to hostile enchantments.
   It lets you turn invisible.
 E - the +5 chain mail of Decompression {*Slow +Fly rCorr MP+9}
   (You found it on level 3 of the Shoals)

   It affects your magic capacity (+9).
   It lets you fly.
   It provides partial protection from all sources of acid and corrosion.
   It may slow you when you take damage.
 I - the +18 shield of the Gong (worn) {rElec rN+ MR+ EV-5}
   (You acquired it on level 3 of the Shoals)

   It affects your evasion (-5).
   It insulates you from electricity.
   It protects you from negative energy.
   It affects your resistance to hostile enchantments.
 U - a +2 helmet of see invisible (worn)
 Y - the +2 cloak "Xoli Wyr" (worn) {rN+ Int+3}
   (You found it in a Gauntlet)

   It affects your intelligence (+3).
   It protects you from negative energy.
Magical Staves
 x - an uncursed staff of energy
Jewellery
 m - the amulet of the Thistle {RegenMP rF+}
   (You found it in a treasure trove)

   [amulet of magic regeneration]

   It increases your magic regeneration.
   It protects you from fire.
 B - the amulet of Unyturgh (around neck) {RegenMP rPois Str-3 Int+7}
   (You found it on level 16 of a ziggurat)

   [amulet of magic regeneration]

   It increases your magic regeneration.
   It affects your strength (-3).
   It affects your intelligence (+7).
   It protects you from poison.
 N - the ring of Xuameruv (left hand) {rF+ rN+ MR+ Str+3 Dex-5}
   (You found it on level 3 of a ziggurat)

   [ring of protection from magic]

   It affects your strength (+3).
   It affects your dexterity (-5).
   It protects you from fire.
   It protects you from negative energy.
   It affects your resistance to hostile enchantments.
 Z - a ring of wizardry (right hand)
Wands
 j - a wand of scattershot (10)
 t - a wand of acid (16)
 v - a wand of clouds (13)
 L - a wand of iceblast (55)
 R - a wand of paralysis (33)
Scrolls
 c - 25 scrolls of teleportation
 k - 2 scrolls of immolation
 l - 4 scrolls of magic mapping
 u - 5 scrolls of summoning
 z - 6 scrolls of remove curse
 O - 5 scrolls of fear
 P - 4 scrolls of blinking
 S - 10 scrolls of fog
Potions
 e - 10 potions of heal wounds
 h - 2 potions of invisibility
 q - 18 potions of curing
 A - 5 potions of haste
 F - a potion of berserk rage
 G - 3 potions of agility
 J - 2 potions of magic
 Q - 5 potions of ambrosia
 T - 2 potions of cancellation
 V - a potion of resistance
 W - 2 potions of lignification
Books
 s - a manual of Unarmed Combat
 w - a manual of Throwing
Miscellaneous
 f - 9 phantom mirrors
 i - a lamp of fire
 D - 4 boxes of beasts
 M - 6 sacks of spiders
Comestibles
 d - 60 rations


   Skills:
 + Level 18.9 Fighting
 + Level 18.5 Short Blades
 + Level 18.5 Long Blades
 + Level 18.5 Axes
 + Level 18.5 Maces & Flails
 + Level 18.5 Polearms
 + Level 18.5 Staves
 + Level 18.5 Slings
 + Level 18.5 Bows
 + Level 18.5 Crossbows
 + Level 20.9 Throwing
 + Level 19.3 Armour
 + Level 18.5 Dodging
 + Level 18.6 Stealth
 + Level 18.7 Shields
 + Level 19.0 Unarmed Combat
 + Level 19.0 Spellcasting
 + Level 16.0 Conjurations
 + Level 16.0 Hexes
 + Level 16.0 Charms
 + Level 16.0 Summonings
 + Level 16.0 Necromancy
 + Level 16.0 Translocations
 + Level 16.0 Transmutations
 + Level 16.0 Fire Magic
 + Level 16.0 Ice Magic
 + Level 16.1 Air Magic
 + Level 16.0 Earth Magic
 + Level 16.0 Poison Magic
 + Level 19.9 Invocations
 + Level 18.5 Evocations


You had 9 spell levels left.
You knew the following spells:

 Your Spells              Type           Power        Failure   Level  Hunger
f - Fireball              Conj/Fire      #######...   1%          5    None
g - Mephitic Cloud        Conj/Pois/Air  #######.     0%          3    None
h - Bolt of Magma         Conj/Fire/Erth #######...   1%          5    None
j - Summon Lightning Spi  Summ/Air       #######.     0%          4    None
k - Regeneration          Chrm/Necr      #######...   0%          3    None
m - Sublimation of Blood  Necr           #######...   0%          2    None
r - Irradiate             Conj/Tmut      #######...   1%          5    None
w - Passwall              Tmut/Erth      #######.     0%          2    None
x - Blink                 Tloc           N/A          0%          2    None
y - Statue Form           Tmut/Erth      #######..    1%          6    None
z - Apportation           Tloc           ######       0%          1    None
A - Confusing Touch       Hex            ######       0%          1    None
D - Petrify               Tmut/Erth      #######.     0%          4    None
E - Borgnjor's Vile Clut  Necr/Erth      #######...   1%          5    None
S - Malign Gateway        Summ/Tloc      #######...   1%          7    ###....

Your spell library contained the following spells:

 Spells                   Type           Power        Failure   Level  Hunger
 Animate Skeleton         Necr           N/A          0%          1    None
 Beastly Appendage        Tmut           ######       0%          1    None
 Corona                   Hex            #######      0%          1    None
 Flame Tongue             Conj/Fire      #####        0%          1    None
 Infusion                 Chrm           ####         0%          1    None
 Magic Dart               Conj           ####         0%          1    None
 Pain                     Necr           ####         0%          1    None
 Sandblast                Erth           ######       0%          1    None
 Summon Butterflies       Summ           #######.     0%          1    None
 Summon Small Mammal      Summ           ####         0%          1    None
 Call Imp                 Summ           #######.     0%          2    None
 Ensorcelled Hibernation  Hex/Ice        ######       0%          2    None
 Poisonous Vapours        Pois/Air       ######       0%          2    None
 Searing Ray              Conj           ######       0%          2    None
 Shroud of Golubria       Chrm/Tloc      #######...   0%          2    None
 Slow                     Hex            #######.     0%          2    None
 Song of Slaying          Chrm           #######.     0%          2    None
 Sticks to Snakes         Tmut           #######.     0%          2    None
 Throw Flame              Conj/Fire      ######       0%          2    None
 Throw Frost              Conj/Ice       ######       0%          2    None
 Call Canine Familiar     Summ           #######.     0%          3    None
 Confuse                  Hex            #######.     0%          3    None
 Conjure Flame            Conj/Fire      #######.     0%          3    None
 Dazzling Spray           Conj/Hex       ######       0%          3    None
 Gell's Gravitas          Tloc           #######...   0%          3    None
 Inner Flame              Hex/Fire       #######.     0%          3    None
 Lesser Beckoning         Tloc           #######...   0%          3    None
 Ozocubu's Armour         Chrm/Ice       #######.     0%          3    None
 Portal Projectile        Hex/Tloc       ######       0%          3    None
 Recall                   Summ/Tloc      N/A          0%          3    None
 Spectral Weapon          Hex/Chrm       #######.     0%          3    None
 Spider Form              Tmut/Pois      #######...   0%          3    None
 Stone Arrow              Conj/Erth      ######       0%          3    None
 Summon Guardian Golem    Hex/Summ       #######.     0%          3    None
 Tukima's Dance           Hex            #######.     0%          3    None
 Vampiric Draining        Necr           #######...   0%          3    None
 Animate Dead             Necr           N/A          0%          4    None
 Cause Fear               Hex            #######...   0%          4    None
 Force Lance              Conj/Tloc      #######.     0%          4    None
 Fulminant Prism          Conj/Hex       #######...   0%          4    None
 Ice Form                 Ice/Tmut       #######.     0%          4    None
 Iskenderun's Mystic Bla  Conj           #######.     0%          4    None
 Leda's Liquefaction      Hex/Erth       #######...   0%          4    None
 Sticky Flame             Conj/Fire      #######.     0%          4    None
 Summon Ice Beast         Ice/Summ       #######.     0%          4    None
 Agony                    Necr           #######.     1%          5    None
 Alistair's Intoxication  Tmut/Pois      #######.     1%          5    None
 Blade Hands              Tmut           #######...   1%          5    None
 Iskenderun's Battlesphe  Conj/Chrm      #######.     1%          5    None
 Lee's Rapid Deconstruct  Erth           #######...   1%          5    None
 Metabolic Englaciation   Hex/Ice        #######...   1%          5    None
 Summon Mana Viper        Hex/Summ       #######.     1%          5    None
 Yara's Violent Unravell  Hex/Tmut       #######...   1%          5    None
 Bolt of Cold             Conj/Ice       #######...   1%          6    None
 Death Channel            Necr           #######...   1%          6    None
 Deflect Missiles         Chrm/Air       #######...   1%          6    None
 Dispersal                Tloc           #######...   1%          6    None
 Freezing Cloud           Conj/Ice/Air   #######...   1%          6    None
 Hydra Form               Tmut           #######...   1%          6    None
 Invisibility             Hex            #######.     1%          6    None
 Iron Shot                Conj/Erth      #######...   1%          6    None
 Ozocubu's Refrigeration  Ice            #######...   1%          6    None
 Simulacrum               Ice/Necr       #######...   1%          6    None
 Dragon Form              Tmut           #######...   1%          7    ###....
 Ring of Flames           Chrm/Fire      #######...   1%          7    ###....
 Summon Hydra             Summ           #######...   1%          7    ###....
 Shatter                  Erth           #######...   52%         9    ######.


Dungeon Overview and Level Annotations

Branches:
Dungeon (15/15)            Temple (0/1) D:6            Lair (6/6) D:11
 Shoals (4/4) Lair:2       Spider (4/4) Lair:2        Slime (5/5) Lair:5
    Orc (2/2) D:12            Elf (3/3) Orc:2        Vaults (5/5) D:14
  Crypt (0/3) Vaults:3     Depths (5/5) D:15           Hell (1/1)
    Dis (0/7) Hell            Coc (7/7) Hell            Zot (0/5) Depths:5
    Geh: Hell:1         Tar: Hell:1

Altars:
Dithmenos
Elyvilon
Gozag
Kikubaaqudgha
Makhleb
Nemelex Xobeh
Qazlal
Ru
Sif Muna
Vehumet
Wu Jian
Xom
The Shining One

Shops:
D:4 *   D:7 [   D:13 [!   Orc:1 [   Orc:2 =%*%   Elf:1 *   Elf:3 ?*
Vaults:1 ?   Depths:3 =

Portals:
Hell: Depths:1 Depths:2 Depths:3 Depths:4
Abyss: Depths:3 Depths:4
Pandemonium: Depths:3

Annotations:
Spider:2 exclusion: Roxanne, Roxanne


Innate Abilities, Weirdness & Mutations

Your experience applies equally to all skills.
You have very sharp teeth.
Your uncanny sense of smell can sniff out nearby items.
You have a considerably increased reservoir of magic. (+20% MP)
You are resistant to hostile enchantments. (MR+)
Your natural rate of healing is unusually fast.
Your movements are slightly less encumbered by armour. (ER -2)


Message History

The tormentor misses you.
Your eldritch tentacle slaps the large abomination but does no damage.
Your eldritch tentacle claws the large abomination but does no damage.
The Executioner is engulfed in freezing vapours.
The Executioner hits you but does no damage.
You block the Executioner's attack.
GONNNNG!
You block the Executioner's attack.
BOUMMMMG!
The ynoxinul gestures.
The Brimstone Fiend calls on the powers of darkness!
Your body is wracked with pain!
* * * LOW HITPOINT WARNING * * *
The large abomination hits your eldritch tentacle but does no damage.
The Ice Fiend claws you!
* * * LOW HITPOINT WARNING * * *
The Ice Fiend freezes you!!
Your resistance to physical damage fades away.
You feel protected from cold.
You die...

▓................
▓∩........4.....4.
▓............2.s.3
▓.........52.h.254
▓.....*...81.16...
▓......wX888113518
▓.......)28122....
▓▓▓▓▓▓▓▓▓11121....
▓§8162.4..
▓..2......
▓§.24.....
▓.........
▓▓▓▓▓▓▓▓▓▓


You could see a Hell Sentinel, a Tzitzimitl, 5 Brimstone Fiends, 2 Ice Fiends, 2
cacodemons, a gelid warmonger, a hell beast, a lorocyproca (invisible), a
balrug, 2 green deaths, an infernal corrupter, 2 Executioners, a blizzard demon,
a demonic crawler, a shadow demon, 3 orange demons, a large abomination, a
tormentor, 2 ynoxinuls, a chaos spawn, a red devil, a hell hound, 3 ufetubi and
a friendly eldritch tentacle.

Vanquished Creatures
  Antaeus (Coc:7)
  the Royal Jelly (Slime:5)
  the Serpent of Hell (Coc:7)
  4 ancient liches
  Boris (Vaults:3)
  2 greater mummies (Zig:16)
  4 Killer Klowns
  Frederick (Vaults:3)
  12 shard shrikes
  Geryon (Hell)
  A golden dragon (shapeshifter) (Zig:12)
  2 caustic shrikes (Zig:6)
  A mutant beast (WizLab)
  7 bone dragons
  2 golden dragons
  3 liches
  4 pandemonium lords
  3 Hell Sentinels
  7 tentacled monstrosities
  17 Ice Fiends
  A quicksilver dragon (Vaults:4)
  Asterion (Lair:2)
  2 titans (Vaults:5)
  A deep elf blademaster (Elf:3)
  A deep elf master archer (Elf:3)
  6 ancient champions
  Polyphemus (Shoals:3)
  18 acid blobs
  A tentacled starspawn (Zig:4)
  2 sphinxes
  Frances (Spider:2)
  3 shadow dragons (Vaults:5)
  A shadow dragon (shapeshifter) (Zig:12)
  6 storm dragons
  15 tengu reavers
  A kraken (Shoals:4)
  2 revenants
  An azure jelly (shapeshifter) (Vaults:5)
  8 azure jellies
  6 frost giants
  8 fire giants
  A frost giant (shapeshifter) (Zig:10)
  3 ghost moths
  14 vault wardens
  4 draconian knights (Zig:15)
  2 curse skulls (Zig:14)
  5 deep elf sorcerers
  A draconian shifter (Depths:4)
  Aizul (Vaults:4)
  3 iron dragons
  3 balrugs
  An orc warlord (Orc:1)
  2 juggernaut zombies
  A ghoul (Zig:14)
  6 emperor scorpions
  9 reapers
  2 spriggan defenders
  30 very ugly things
  12 ironheart preservers
  5 deep elf elementalists
  A draconian stormcaller (Depths:5)
  5 elemental wellsprings (Coc:7)
  5 war gargoyles
  4 entropy weavers
  Nessos (Orc:2)
  2 bennus (Zig:16)
  A black sun (Zig:7)
  24 stone giants
  7 vampire knights
  8 deep elf demonologists
  8 deep elf annihilators
  A black draconian (Depths:4)
  A red draconian (Depths:5)
  4 spark wasps
  A yellow draconian (Depths:5)
  A dire elephant (D:15)
  A lorocyproca (Depths:3)
  A minotaur (Gauntlet)
  A merfolk javelineer (Shoals:4)
  9 deep elf death magi
  7 ettins
  2 eidola (Zig:9)
  A green death (Zig:17)
  5 mummy priests (Zig:16)
  7 death oozes
  11 blizzard demons
  2 quicksilver dragon zombies
  11 fire dragons
  6 merfolk impalers
  10 yaktaur captains
  A crystal guardian (Vaults:3)
  12 great orbs of eyes
  6 deep elf high priests
  A great orb of eyes (shapeshifter) (Zig:10)
  A kraken zombie (Coc:5)
  26 ice dragons
  4 quicksilver dragon skeletons
  35 vault guards
  2 rakshasas
  2 ghost crabs (Zig:13)
  2 catoblepae
  3 spriggan air magi
  2 hell beasts (Hell)
  11 hydras
  A merfolk avatar (Shoals:4)
  11 centaur warriors
  An anaconda (Zig:3)
  2 death knights
  An alligator snapping turtle (Shoals:2)
  A shambling mangrove (Zig:13)
  2 alligators (Zig:13)
  An alligator snapping turtle (shapeshifter) (Zig:12)
  2 two-headed ogres (shapeshifter)
  25 dancing weapons
  An alligator (shapeshifter) (Vaults:2)
  2 merfolk aquamancers
  2 death scarabs (Zig:16)
  3 satyrs
  A satyr (shapeshifter) (WizLab)
  13 ogre magi
  36 two-headed ogres
  A queen ant (shapeshifter) (Vaults:5)
  3 vampire magi
  4 tengu warriors
  9 deep troll shamans
  A titan zombie (Coc:6)
  7 deep troll earth magi
  4 spriggan berserkers
  5 hell hogs
  5 orc high priests
  15 deep elf knights
  Sonja (Lair:4)
  4 sun demons
  3 iron golems (Hell)
  A storm dragon zombie (Zig:11)
  37 skeletal warriors
  2 hell knights
  4 shadow wraiths
  8 iron trolls
  4 titan skeletons
  2 soul eaters
  5 sea snakes
  2 glowing orange brains (shapeshifter) (WizLab)
  A spriggan druid (Zig:13)
  4 storm dragon skeletons
  7 unseen horrors
  7 anaconda zombies
  2 ghost moth zombies
  A glowing orange brain (Depths:4)
  23 deep trolls
  A golden dragon zombie (Coc:6)
  An unseen horror (shapeshifter) (WizLab)
  2 flayed ghosts
  14 deep elf archers
  A shadow dragon zombie (Zig:11)
  2 swamp dragons (Zig:13)
  3 obsidian statues
  3 wizards (Vaults:3)
  4 orange crystal statues
  A lindwurm (shapeshifter) (WizLab)
  3 tengu zombies
  3 golden dragon skeletons
  4 phantasmal warriors
  An orb spider (shapeshifter) (Vaults:2)
  18 ironbrand convokers
  6 anaconda skeletons
  2 shadow dragon skeletons
  5 harpies
  11 orc knights
  A wolf spider zombie (Coc:6)
  A sphinx zombie (Hell)
  64 deep elf magi
  A harpy (shapeshifter) (Vaults:2)
  2 frost giant zombies
  A tengu skeleton (Vaults:3)
  2 oklob plants
  9 necromancers
  7 shining eyes
  8 cyclopes
  2 iron dragon zombies (Coc:3)
  A shining eye (shapeshifter) (WizLab)
  10 orb spiders
  2 salamanders (shapeshifter) (WizLab)
  18 wolf spiders
  23 fauns
  2 salamanders
  2 moths of wrath (shapeshifter)
  5 orc sorcerers
  6 manticores
  51 ugly things
  5 stone giant zombies
  4 fire giant zombies
  3 stone giant skeletons
  3 elephants (Lair:6)
  2 iron dragon skeletons
  A dire elephant zombie (Coc:5)
  3 ice statues
  6 rust devils
  Maurice (D:7)
  4 black mambas
  A merfolk siren (Shoals:4)
  5 guardian serpents
  A moth of wrath (Spider:1)
  2 eyes of devastation (Slime:4)
  A fire giant skeleton (Coc:4)
  2 frost giant skeletons
  16 vault sentinels
  2 water nymphs (Shoals:3)
  2 guardian serpents (shapeshifter)
  A torpor snail (shapeshifter) (Vaults:4)
  A centaur zombie (D:12)
  4 apocalypse crabs
  A titan simulacrum (Zig:15)
  2 yaktaur zombies (Hell)
  3 smoke demons
  10 spiny frogs
  A shock serpent skeleton (Coc:1)
  3 hellions
  An emperor scorpion zombie (Coc:4)
  7 demonic crawlers
  2 kobold demonologists (D:14)
  A catoblepas zombie (Coc:2)
  5 anaconda simulacra
  A spriggan skeleton (Zig:11)
  2 spriggan zombies (Hell)
  4 rime drakes
  4 komodo dragons
  23 freezing wraiths
  24 yaktaurs
  A yaktaur (shapeshifter) (WizLab)
  A spark wasp simulacrum (Zig:15)
  9 tormentors
  5 guardian mummies (Zig:16)
  22 ice devils
  4 tengu conjurers
  A golden dragon simulacrum (IceCv)
  9 trolls
  7 red devils
  11 jumping spiders
  A meliai (shapeshifter) (D:15)
  7 wind drakes
  5 polar bears (Lair:6)
  11 hydra zombies
  4 harpy zombies (Shoals:3)
  A hornet (shapeshifter) (WizLab)
  13 merfolk
  3 harpy skeletons
  18 hornets
  A raiju (shapeshifter) (D:14)
  2 blink frogs (shapeshifter)
  6 ice dragon zombies
  2 sphinx simulacra (Zig:15)
  7 hippogriffs
  A tengu simulacrum (Zig:15)
  83 slime creatures
  6 ettin zombies
  6 blink frogs
  A bog body (Zig:13)
  3 hydra skeletons
  A meliai zombie (D:13)
  A stone giant simulacrum (Vaults:3)
  7 large abominations
  4 snapping turtles
  19 dream sheep
  4 alligator zombies
  A fire dragon zombie (Coc:6)
  3 air elementals
  2 fire dragon skeletons
  14 spriggans
  12 wraiths
  A black mamba zombie (Coc:2)
  37 flying skulls
  20 tarantellas
  A dire elephant simulacrum (IceCv)
  An orc simulacrum (Vaults:2)
  A spriggan (shapeshifter) (Zig:12)
  27 redbacks
  31 water elementals
  3 shadows
  4 ettin skeletons
  5 ushabtiu (Zig:16)
  2 wyverns
  4 ice dragon skeletons
  13 yaks
  2 hogs (shapeshifter)
  3 basilisks
  A fire bat (shapeshifter) (Vaults:5)
  2 humans (shapeshifter) (WizLab)
  An alligator skeleton (Coc:3)
  A golden eye (Slime:5)
  5 chaos spawn
  6 fire elementals
  A neqoxec (Zig:4)
  2 vampire mosquitoes (D:14)
  2 hungry ghosts
  3 wargs
  An iron troll simulacrum (IceCv)
  4 hydra simulacra
  A swamp worm (shapeshifter) (WizLab)
  4 harpy simulacra (IceCv)
  An acid dragon (Vaults:1)
  5 spiny frog zombies
  A soldier ant (shapeshifter) (WizLab)
  11 water moccasins
  12 soldier ants (Spider:2)
  7 hell hounds
  2 porcupines
  2 deep troll skeletons
  A floating eye (shapeshifter) (WizLab)
  5 floating eyes
  34 orc warriors
  2 spiny frog skeletons
  2 alligator simulacra
  A swamp drake (Zig:13)
  5 eyes of draining
  6 phantoms
  3 black bears
  14 ice beasts
  2 necrophages
  An ettin simulacrum (Coc:4)
  3 black bears (shapeshifter)
  4 eyes of draining (shapeshifter)
  2 snapping turtle zombies
  20 boggarts
  36 ogres
  8 centaurs
  A snapping turtle skeleton (Coc:4)
  21 wolves
  10 crocodiles
  2 human zombies
  6 big kobolds
  A hippogriff zombie (Shoals:3)
  2 human skeletons (Vaults:3)
  14 bullfrogs
  A spiny frog simulacrum (Coc:4)
  4 earth elementals
  4 wyvern skeletons
  10 small abominations
  3 scorpions
  An elephant simulacrum (IceCv)
  A troll zombie (Coc:4)
  45 wights
  5 howler monkeys
  6 crimson imps
  12 electric eels
  3 draconian simulacra (IceCv)
  A human simulacrum (Vaults:3)
  3 bullfrog skeletons
  2 bullfrog zombies
  7 hounds
  3 jellies
  21 orc priests
  10 centaur skeletons
  An iron imp (Hell)
  26 orc wizards
  Jessica (D:3)
  An iguana (D:8)
  Natasha (thrice) (D:2)
  22 worker ants
  A troll simulacrum (IceCv)
  A polar bear simulacrum (IceCv)
  3 yak simulacra (D:13)
  2 wolf simulacra (D:13)
  A centaur simulacrum (IceCv)
  2 hound skeletons (D:10)
  18 mummies
  4 gnolls
  A howler monkey skeleton (D:4)
  4 naga simulacra (IceCv)
  12 adders
  4 shadow imps
  27 white imps
  6 ufetubi (IceCv)
  4 oozes (Lair:5)
  2 adder skeletons
  3 dart slugs
  3 leopard geckos
  92 orcs
  4 giant cockroaches
  11 goblins
  7 hobgoblins
  16 jackals
  11 kobolds
  6 quokkas
  3 ball pythons
  5 bats
  2 frilled lizards
  A giant cockroach zombie (D:5)
  A kobold skeleton (Coc:2)
  A quokka skeleton (D:5)
  2 rats (D:2)
  5 river rat simulacra (D:13)
  2 crawling corpses (Zig:14)
  5 plants
2489 creatures vanquished.

Vanquished Creatures (collateral kills)
  Saint Roka (Depths:3)
  A golden dragon (Depths:4)
  Arachne (Spider:1)
  2 Ice Fiends (Coc:7)
  Jorgrun (Spider:1)
  A lich (Zig:16)
  8 acid blobs
  4 azure jellies
  A fire giant (Depths:3)
  4 deep elf sorcerers (Elf:3)
  2 vault wardens
  A fire giant (shapeshifter) (Zig:12)
  3 frost giants
  3 emperor scorpions
  A balrug (Zig:17)
  A reaper (Zig:7)
  3 stone giants
  6 very ugly things
  A vampire knight (Zig:9)
  A deep elf demonologist (Vaults:5)
  A deep elf annihilator (Vaults:1)
  A deep elf death mage (Elf:3)
  2 death oozes (Slime:5)
  An eidolon (Zig:14)
  A green death (Zig:7)
  2 merfolk javelineers (Shoals:4)
  2 fire dragons
  4 great orbs of eyes
  A yaktaur captain (Depths:3)
  An ogre mage (Vaults:1)
  A deep elf high priest (Vaults:5)
  Josephine (D:13)
  2 jiangshi (Depths:3)
  A centaur warrior (D:14)
  A vault guard (Vaults:1)
  2 hydras
  A deep troll shaman (Depths:4)
  A merfolk aquamancer (Shoals:3)
  7 two-headed ogres
  4 death yaks (Shoals:3)
  A satyr (Shoals:4)
  A death knight (Vaults:4)
  A two-headed ogre (shapeshifter) (WizLab)
  An alligator (Zig:13)
  A queen ant (Spider:2)
  A death scarab (Zig:16)
  A deep troll earth mage (Depths:3)
  A vampire mage (Hell)
  A titan skeleton (Vaults:5)
  A soul eater (Hell)
  A deep elf knight (Vaults:1)
  An iron troll (Depths:3)
  A sea snake (Shoals:2)
  2 wizards
  6 deep trolls
  3 ironbrand convokers
  A deep elf archer (Vaults:5)
  A phantasmal warrior (Vaults:5)
  A harpy (Shoals:4)
  A shadow dragon zombie (Vaults:3)
  A necromancer (Vaults:5)
  5 orc knights
  8 deep elf magi
  A shining eye (shapeshifter) (Depths:5)
  A harpy (shapeshifter) (Zig:12)
  6 wolf spiders
  3 orb spiders
  An orc sorcerer (Orc:2)
  2 oklob plants (Lair:1)
  5 ugly things
  A shadow dragon skeleton (Zig:16)
  An elephant (Lair:6)
  A cyclops (D:13)
  3 manticores (Shoals:3)
  2 fauns (Shoals:4)
  An iron dragon skeleton (Zig:16)
  A torpor snail (Spider:1)
  A stone giant skeleton (Vaults:5)
  A guardian serpent (Depths:3)
  2 spiny frogs
  2 smoke demons
  5 yaktaurs
  A guardian mummy (Zig:16)
  An anaconda simulacrum (IceCv)
  A demonic crawler (Spider:3)
  A freezing wraith (Vaults:4)
  An ice devil (IceCv)
  2 golden dragon simulacra (IceCv)
  6 merfolk
  A tengu conjurer (Depths:4)
  3 trolls
  4 jumping spiders
  2 red devils (Hell)
  A troll (shapeshifter) (Depths:3)
  4 hornets
  A harpy skeleton (D:14)
  A bog body (Zig:13)
  11 dream sheep
  An ice dragon zombie (Hell)
  15 slime creatures
  A deep troll zombie (Hell)
  A hippogriff (D:14)
  A snapping turtle (Shoals:3)
  2 water elementals
  A wyvern (shapeshifter) (WizLab)
  A flying skull (Coc:7)
  A wraith (D:13)
  A dire elephant simulacrum (IceCv)
  6 redbacks
  2 spriggans
  4 tarantellas (Spider:4)
  A basilisk (Lair:2)
  A fire bat (shapeshifter) (WizLab)
  2 ushabtiu (Zig:16)
  Menkaure (D:4)
  3 soldier ants (Spider:2)
  A warg (Orc:1)
  An iron troll simulacrum (IceCv)
  An acid dragon (Vaults:2)
  2 water moccasins
  A hell hound (Hell)
  A floating eye (shapeshifter) (WizLab)
  12 orc warriors
  2 ice beasts
  A necrophage (D:9)
  An eye of draining (Slime:4)
  2 centaurs
  7 ogres
  6 wolves
  A hippogriff zombie (Shoals:3)
  A crocodile (Lair:5)
  2 big kobolds
  2 bullfrogs
  A swamp dragon simulacrum (IceCv)
  4 wights
  4 crimson imps
  A centaur zombie (D:12)
  An orc priest (Orc:2)
  5 orc wizards
  6 worker ants
  A troll simulacrum (IceCv)
  A centaur simulacrum (IceCv)
  2 mummies (Zig:16)
  An ogre simulacrum (IceCv)
  A shadow imp (D:10)
  A white imp (IceCv)
  3 ufetubi (IceCv)
  25 orcs
  A kobold (D:9)
  2 quokkas
  A kobold zombie (Hell)
  A river rat simulacrum (D:13)
  3 plants
  A starspawn tentacle (Zig:4)
361 creatures vanquished.

Vanquished Creatures (others)
  2 eldritch tentacles (Zig:16)
  A hydra (Zig:13)
  An ice dragon (Coc:7)
  A deep elf knight (Vaults:5)
  A shadow wraith (Zig:14)
  A skeletal warrior (Vaults:4)
  A death drake (Zig:13)
  A shadow dragon zombie (Coc:2)
  A dancing weapon (Lair:4)
  A merfolk (Shoals:4)
  A harpy skeleton (Hell)
  A slime creature (Zig:13)
  4 flying skulls
  3 wraiths
  An orc warrior (Depths:3)
  An ettin simulacrum (Hell)
  2 ogres
  A centaur (D:5)
  2 white imps
  3 orcs (D:5)
  A giant cockroach (D:5)
  3 fungi
  16 plants
  3 starspawn tentacles (Zig:4)
  9 tentacles
62 creatures vanquished.

Grand Total: 2912 creatures vanquished

Notes
Turn   | Place    | Note
-------+----------+-------------------------------------------
     0 | D:1      | MordorOrchid the Gnoll Wanderer began the quest for the
                  | Orb.
     0 | D:1      | MordorOrchid set off with the following items: a +0 spear,
                  | a +2 scale mail, a scroll of teleportation, a ration
     0 | D:1      | Reached XP level 1. HP: 20/20 MP: 6/6
   112 | D:1      | Reached XP level 2. HP: 17/26 MP: 7/7
   371 | D:1      | Reached XP level 3. HP: 31/31 MP: 9/9
   446 | D:1      | Reached skill level 5 in Spellcasting
   800 | D:2      | Reached skill level 1 in Invocations
   936 | D:2      | Noticed Natasha
   939 | D:2      | Gained mutation: You have an increased reservoir of magic.
                  | (+10% MP) [potion of mutation]
   939 | D:2      | Gained mutation: Your muscles are strong. (Str +2) [potion
                  | of mutation]
   949 | D:2      | Killed Natasha
   949 | D:2      | Reached skill level 1 in Short Blades
   949 | D:2      | Reached skill level 1 in Long Blades
   949 | D:2      | Reached skill level 1 in Axes
   949 | D:2      | Reached skill level 1 in Maces & Flails
   949 | D:2      | Reached skill level 1 in Polearms
   949 | D:2      | Reached skill level 1 in Staves
   949 | D:2      | Reached skill level 1 in Slings
   949 | D:2      | Reached skill level 1 in Bows
   949 | D:2      | Reached skill level 1 in Crossbows
   949 | D:2      | Reached skill level 1 in Throwing
   949 | D:2      | Reached skill level 1 in Dodging
   949 | D:2      | Reached skill level 1 in Unarmed Combat
   949 | D:2      | Reached skill level 1 in Evocations
   949 | D:2      | Reached XP level 4. HP: 15/38 MP: 12/12
  1241 | D:2      | Noticed Natasha
  1272 | D:2      | Killed Natasha
  1272 | D:2      | Reached skill level 1 in Conjurations
  1272 | D:2      | Reached skill level 1 in Hexes
  1272 | D:2      | Reached skill level 1 in Charms
  1272 | D:2      | Reached skill level 1 in Summonings
  1272 | D:2      | Reached skill level 1 in Necromancy
  1272 | D:2      | Reached skill level 1 in Translocations
  1272 | D:2      | Reached skill level 1 in Transmutations
  1272 | D:2      | Reached skill level 1 in Fire Magic
  1272 | D:2      | Reached skill level 1 in Ice Magic
  1272 | D:2      | Reached skill level 1 in Earth Magic
  1272 | D:2      | Reached skill level 1 in Poison Magic
  1578 | D:2      | Noticed Natasha
  1586 | D:2      | Killed Natasha
  1586 | D:2      | Reached XP level 5. HP: 39/43 MP: 13/13
  1915 | D:3      | Learned a level 1 spell: Animate Skeleton
  1917 | D:3      | Learned a level 1 spell: Apportation
  1919 | D:3      | Learned a level 1 spell: Confusing Touch
  1972 | D:2      | Found a stormy altar of Qazlal.
  1983 | D:2      | Became a worshipper of Qazlal Stormbringer
  2130 | D:3      | Noticed Jessica
  2153 | D:3      | Killed Jessica
  2287 | D:3      | Found a sparkling altar of Nemelex Xobeh.
  2293 | D:3      | Found an ancient bone altar of Kikubaaqudgha.
  2301 | D:3      | Reached XP level 6. HP: 50/50 MP: 15/15
  2425 | D:4      | Reached skill level 5 in Fighting
  2435 | D:4      | Reached skill level 2 in Throwing
  2513 | D:4      | Found Xareod Xyt's Assorted Antiques.
  2535 | D:4      | Bought a short fluorescent wand for 92 gold pieces
  2535 | D:4      | Bought a gluggy blue potion for 20 gold pieces
  2535 | D:4      | Bought a murky dark potion for 20 gold pieces
  2597 | D:4      | Reached XP level 7. HP: 51/56 MP: 16/16
  2656 | D:4      | Bought a viscous white potion for 20 gold pieces
  2894 | D:4      | Reached * piety under Qazlal
  3006 | D:4      | Noticed Menkaure
  3020 | D:4      | Killed Menkaure
  3096 | D:4      | Bought a fuming black potion for 20 gold pieces
  3108 | D:5      | Entered Level 5 of the Dungeon
  3271 | D:5      | Reached XP level 8. HP: 51/63 MP: 18/18
  3341 | D:5      | Found a shimmering altar of Xom.
  3446 | D:5      | Reached skill level 3 in Throwing
  3701 | D:5      | Found a burning altar of Makhleb.
  3702 | D:5      | Found a sacrificial altar of Ru.
  3703 | D:5      | Found a radiant altar of Vehumet.
  3709 | D:5      | Found a white marble altar of Elyvilon.
  3709 | D:5      | Found a glowing golden altar of the Shining One.
  4160 | D:6      | Reached ** piety under Qazlal
  4350 | D:6      | Found a staircase to the Ecumenical Temple.
  4844 | D:7      | Reached XP level 9. HP: 62/69 MP: 20/20
  5048 | D:8      | Noticed Maurice
  5059 | D:7      | Killed Maurice
  5059 | D:7      | Reached skill level 4 in Throwing
  5204 | D:8      | Reached skill level 5 in Shields
  5227 | D:7      | Reached *** piety under Qazlal
  5271 | D:8      | Reached skill level 5 in Stealth
  5309 | D:8      | Found an ornate altar of the Wu Jian Council.
  5416 | D:8      | Reached skill level 5 in Invocations
  5479 | D:8      | Noticed a two-headed hydra
  5541 | D:8      | Reached XP level 10. HP: 51/77 MP: 22/22
  5541 | D:8      | Killed a two-headed hydra
  5541 | D:8      | Reached skill level 5 in Short Blades
  5541 | D:8      | Reached skill level 5 in Long Blades
  5541 | D:8      | Reached skill level 5 in Axes
  5541 | D:8      | Reached skill level 5 in Maces & Flails
  5541 | D:8      | Reached skill level 5 in Polearms
  5541 | D:8      | Reached skill level 5 in Staves
  5541 | D:8      | Reached skill level 5 in Slings
  5541 | D:8      | Reached skill level 5 in Bows
  5541 | D:8      | Reached skill level 5 in Crossbows
  5541 | D:8      | Reached skill level 5 in Throwing
  5541 | D:8      | Reached skill level 5 in Dodging
  5541 | D:8      | Reached skill level 5 in Unarmed Combat
  5541 | D:8      | Reached skill level 5 in Evocations
  5990 | D:8      | Learned a level 4 spell: Summon Lightning Spire
  6239 | D:9      | Got an ichor-stained dagger
  6354 | D:9      | Reached skill level 5 in Air Magic
  6539 | D:9      | Identified the cursed +1 dagger of Certain Death {freeze,
                  | +Blink MR+++ Int-5 Dex-3} (You found it on level 9 of the
                  | Dungeon)
  6554 | D:9      | Reached **** piety under Qazlal
  7091 | D:10     | Entered Level 10 of the Dungeon
  7334 | D:10     | Reached XP level 11. HP: 50/84 MP: 24/24
  7863 | D:10     | Reached ***** piety under Qazlal
  8174 | D:7      | Found Ajadihis's Antique Armour Shoppe.
  8315 | D:4      | Bought a scorched eveningstar for 460 gold pieces
  8315 | D:4      | Identified the +7 eveningstar of Ravuedox {venom, *Corrode
                  | Str+3 Int+3 Dex-3} (You bought it in a shop on level 4 of
                  | the Dungeon)
  8684 | D:11     | Identified 2 scrolls of acquirement
  8685 | D:11     | Got a bloodstained buckler
  8696 | D:11     | Identified the +3 buckler "Leunk" {rF+++ rC- rN+++ Int-2}
                  | (You acquired it on level 11 of the Dungeon)
  8737 | D:11     | Noticed a purple ugly thing
  8747 | D:11     | Killed a purple ugly thing
  8969 | D:11     | Reached skill level 6 in Throwing
  9022 | D:12     | Noticed a two-headed ogre
  9031 | D:12     | Killed a two-headed ogre
  9031 | D:12     | Reached skill level 5 in Conjurations
  9031 | D:12     | Reached skill level 5 in Hexes
  9031 | D:12     | Reached skill level 5 in Charms
  9031 | D:12     | Reached skill level 5 in Summonings
  9031 | D:12     | Reached skill level 5 in Necromancy
  9031 | D:12     | Reached skill level 5 in Translocations
  9031 | D:12     | Reached skill level 5 in Transmutations
  9031 | D:12     | Reached skill level 5 in Fire Magic
  9031 | D:12     | Reached skill level 5 in Ice Magic
  9031 | D:12     | Reached skill level 5 in Earth Magic
  9031 | D:12     | Reached skill level 5 in Poison Magic
  9222 | D:12     | Learned a level 3 spell: Regeneration
  9272 | D:12     | Found a staircase to the Orcish Mines.
  9281 | D:12     | Got a warped ring mail
  9419 | D:13     | Noticed Josephine
  9454 | D:13     | Noticed a two-headed ogre
  9462 | D:13     | Noticed a seven-headed hydra
  9463 | D:13     | Killed a two-headed ogre
  9488 | D:13     | Killed a one-headed hydra
  9496 | D:13     | Reached XP level 12. HP: 59/93 MP: 15/26
  9772 | D:13     | Killed Josephine
  9855 | D:13     | Reached skill level 7 in Throwing
  9903 | D:13     | Found a portal to a secret trove of treasure.
  9914 | D:13     | Identified the +1 ring mail "Etyc Yla" {rC- rCorr Int+4}
                  | (You found it on level 12 of the Dungeon)
  9942 | D:13     | Found Zeloyroo's Antique Armour Shop.
 10004 | D:13     | Found Oplal's Distillery.
 10030 | D:13     | Bought a potion of invisibility for 120 gold pieces
 10101 | D:14     | Noticed a centaur warrior
 10119 | D:14     | Noticed a seven-headed hydra
 10124 | D:14     | Noticed a two-headed ogre
 10129 | D:14     | Killed a two-headed ogre
 10196 | D:14     | Noticed a centaur warrior
 10203 | D:14     | Killed a centaur warrior
 10270 | D:14     | Reached skill level 10 in Armour
 10279 | D:14     | Reached ****** piety under Qazlal
 10372 | D:14     | Reached XP level 13. HP: 91/101 MP: 13/28
 10707 | D:14     | Found a deep blue altar of Sif Muna.
 10754 | D:14     | Reached skill level 8 in Throwing
 10869 | D:14     | Found a gate to the Vaults.
 11000 | Orc:1    | Entered Level 1 of the Orcish Mines
 11225 | Orc:1    | Noticed an orc warlord
 11252 | Orc:1    | Killed an orc warlord
 11369 | Orc:1    | Learned a level 3 spell: Tukima's Dance
 11374 | Orc:1    | Learned a level 4 spell: Petrify
 11375 | Orc:2    | Entered Level 2 of the Orcish Mines
 11375 | Orc:2    | Found a staircase to the Elven Halls.
 11706 | Orc:1    | Found Roptufy's Antique Armour Shop.
 11918 | Orc:2    | Noticed Nessos
 11926 | Orc:2    | Killed Nessos
 12021 | Orc:2    | Reached skill level 10 in Spellcasting
 12062 | Orc:2    | Found Mopon's Food Shop.
 12062 | Orc:2    | Found Wicaydin's Jewellery Shop.
 12063 | Orc:2    | Found Ceprepn's Food Emporium.
 12084 | Orc:2    | Found Uveoz's General Store.
 12088 | Orc:2    | Bought a cursed amulet of inaccuracy for 26 gold pieces
 12088 | Orc:2    | Bought a cursed -3 ring of evasion for 26 gold pieces
 12092 | Orc:2    | Bought a scroll of teleportation for 33 gold pieces
 12092 | Orc:2    | Bought 6 needles of paralysis for 39 gold pieces
 12256 | Orc:2    | Bought the amulet "Boigietz" {Spirit rPois rN+} for 590
                  | gold pieces
 12265 | Orc:2    | Bought a potion of magic for 88 gold pieces
 12265 | Orc:2    | Bought a ration for 55 gold pieces
 12329 | Orc:1    | Bought a pair of embroidered gloves for 255 gold pieces
 12504 | D:11     | Found a staircase to the Lair.
 12513 | Lair:1   | Entered Level 1 of the Lair of Beasts
 12528 | Lair:1   | Reached XP level 14. HP: 107/109 MP: 26/30
 12773 | Lair:2   | Found a staircase to the Shoals.
 12788 | Shoals:1 | Entered Level 1 of the Shoals
 12813 | Shoals:1 | Reached skill level 10 in Fighting
 13068 | Lair:2   | Found a hole to the Spider Nest.
 13122 | Lair:1   | Reached skill level 9 in Throwing
 13471 | Lair:3   | Found an opulent altar of Gozag.
 13800 | Lair:4   | Noticed Sonja
 13812 | Lair:4   | Killed Sonja
 14065 | Lair:4   | You fall through a shaft!
 14080 | Lair:5   | Reached skill level 10 in Invocations
 14404 | Lair:5   | Found a staircase to the Slime Pits.
 14677 | Lair:6   | Entered Level 6 of the Lair of Beasts
 14948 | Lair:6   | Reached XP level 15. HP: 114/117 MP: 14/32
 15007 | Lair:6   | Found a gate leading to a gauntlet.
 15017 | Lair:6   | Reached skill level 10 in Shields
 15053 | Gauntlet | Entered a Gauntlet
 15053 | Gauntlet | Found a transporter.
 15056 | Gauntlet | Found a transporter.
 15057 | Gauntlet | Found a transporter.
 15073 | Gauntlet | Found a transporter.
 15083 | Gauntlet | Found a transporter.
 15102 | Gauntlet | Found a runed translucent gate.
 15103 | Gauntlet | Found a transporter.
 15103 | Gauntlet | Found a runed translucent gate.
 15104 | Gauntlet | Found a runed translucent gate.
 15106 | Gauntlet | Found a transporter.
 15110 | Gauntlet | Found a transporter.
 15145 | Gauntlet | Found a transporter.
 15147 | Gauntlet | Found a transporter.
 15151 | Gauntlet | Found a transporter.
 15159 | Gauntlet | Found a transporter.
 15269 | Gauntlet | Reached skill level 10 in Stealth
 15277 | Gauntlet | Got a polished cloak
 15280 | Gauntlet | Got a crystal mace
 15309 | Gauntlet | Got a pair of fine boots
 15318 | Gauntlet | Identified the cursed +0 cloak of Inviolability {*Contam
                  | rPois rN+ MR+} (You found it in a Gauntlet)
 15319 | Gauntlet | Identified the +0 mace of Moral Flaws {crush, rN+ MR+ Dex+3
                  | Stlth+} (You found it in a Gauntlet)
 15320 | Gauntlet | Identified the +1 pair of boots of the Valley {MR+ rCorr}
                  | (You found it in a Gauntlet)
 15345 | Gauntlet | Identified the +5 war axe of Miniphidd {chop, +Fly rPois
                  | rC+ MP-9}
 15345 | Gauntlet | Identified the cursed +1 hand crossbow of Ulicife {freeze,
                  | rN+ Dex+4}
 15377 | Gauntlet | Identified the Guide on Dislocation
 15384 | Gauntlet | Identified the Compendium of Shifting Calling
 15386 | Gauntlet | Got a dazzling cloak
 15387 | Gauntlet | Identified the +2 cloak "Xoli Wyr" {rN+ Int+3} (You found
                  | it in a Gauntlet)
 15599 | Lair:6   | Got a faintly humming leather armour
 15956 | Spider:1 | Entered Level 1 of the Spider Nest
 15958 | Spider:1 | Noticed Asterion
 16008 | Spider:1 | Noticed a cacodemon
 16104 | Lair:2   | Killed Asterion
 16192 | Spider:2 | Noticed Arachne
 16206 | Spider:1 | Killed Arachne
 16211 | Spider:1 | Reached skill level 10 in Short Blades
 16211 | Spider:1 | Reached skill level 10 in Long Blades
 16211 | Spider:1 | Reached skill level 10 in Axes
 16211 | Spider:1 | Reached skill level 10 in Maces & Flails
 16211 | Spider:1 | Reached skill level 10 in Polearms
 16211 | Spider:1 | Reached skill level 10 in Staves
 16211 | Spider:1 | Reached skill level 10 in Slings
 16211 | Spider:1 | Reached skill level 10 in Bows
 16211 | Spider:1 | Reached skill level 10 in Crossbows
 16211 | Spider:1 | Reached skill level 10 in Throwing
 16211 | Spider:1 | Reached skill level 10 in Dodging
 16211 | Spider:1 | Reached skill level 10 in Unarmed Combat
 16211 | Spider:1 | Reached skill level 10 in Evocations
 16220 | Spider:1 | Noticed Jorgrun
 16230 | Spider:1 | Killed Jorgrun
 16328 | Spider:2 | Found a runed translucent door.
 16350 | Spider:2 | Noticed Frances
 16369 | Spider:2 | Killed Frances
 16433 | Spider:2 | Noticed Roxanne
 16518 | Spider:2 | Noticed an emperor scorpion
 16557 | Spider:2 | Killed an emperor scorpion
 16565 | Spider:2 | Got a dazzling double sword
 16664 | Spider:2 | Identified the +6 double sword "Spiderslayer" {flame,
                  | Fragile rPois Dex+4} (You found it on level 2 of the Spider
                  | Nest)
 16779 | Spider:2 | Reached XP level 16. HP: 115/125 MP: 29/34
 17249 | Spider:4 | Entered Level 4 of the Spider Nest
 17559 | Spider:4 | Found a frozen archway.
 17618 | IceCv    | Entered an ice cave
 17934 | IceCv    | Learned a level 5 spell: Fireball
 18119 | IceCv    | Noticed an Ice Fiend
 18157 | IceCv    | Killed an Ice Fiend
 18191 | IceCv    | Learned a level 5 spell: Borgnjor's Vile Clutch
 18391 | Spider:3 | Reached skill level 11 in Throwing
 18552 | Spider:4 | Reached XP level 17. HP: 133/133 MP: 29/36
 18590 | Spider:4 | Got a gossamer rune of Zot
 19025 | Shoals:2 | Found a flickering gateway to a bazaar.
 19041 | Bazaar   | Entered a bazaar
 19041 | Bazaar   | Found Gynopylo's Antique Armour Shoppe.
 19045 | Bazaar   | Found Peineivahe's Gadget Shoppe.
 19061 | Bazaar   | Found Lics's Antique Weapon Shoppe.
 19072 | Bazaar   | Found Lutawn's Antique Armour Shoppe.
 19110 | Bazaar   | Bought a smoking scale mail for 189 gold pieces
 19117 | Bazaar   | Bought a lightning rod (4/4) for 360 gold pieces
 19117 | Bazaar   | Bought a wand of clouds (7) for 297 gold pieces
 19117 | Bazaar   | Bought a wand of paralysis (9) for 99 gold pieces
 19117 | Bazaar   | Bought a box of beasts for 180 gold pieces
 19117 | Bazaar   | Bought a wand of iceblast (10) for 126 gold pieces
 19492 | Shoals:3 | Identified the +1 scale mail "Reow" {rElec Dex+3} (You
                  | bought it in a shop in a bazaar)
 19640 | Shoals:3 | Noticed Polyphemus
 19656 | Shoals:3 | Killed Polyphemus
 19656 | Shoals:3 | Reached skill level 10 in Air Magic
 19711 | Shoals:3 | Identified the +5 chain mail of Decompression {*Slow +Fly
                  | rCorr MP+9} (You found it on level 3 of the Shoals)
 19839 | Shoals:4 | Entered Level 4 of the Shoals
 20068 | Shoals:4 | Found a shadowy altar of Dithmenos.
 20103 | Shoals:4 | Noticed a kraken
 20162 | Shoals:3 | Found the +18 shield of the Gong {rElec rN+ MR+ EV-5}
 20432 | Shoals:4 | Reached skill level 10 in Conjurations
 20432 | Shoals:4 | Reached skill level 10 in Hexes
 20432 | Shoals:4 | Reached skill level 10 in Charms
 20432 | Shoals:4 | Reached skill level 10 in Summonings
 20432 | Shoals:4 | Reached skill level 10 in Necromancy
 20432 | Shoals:4 | Reached skill level 10 in Translocations
 20432 | Shoals:4 | Reached skill level 10 in Transmutations
 20432 | Shoals:4 | Reached skill level 10 in Fire Magic
 20432 | Shoals:4 | Reached skill level 10 in Ice Magic
 20432 | Shoals:4 | Reached skill level 10 in Earth Magic
 20432 | Shoals:4 | Reached skill level 10 in Poison Magic
 20482 | Shoals:4 | Killed a kraken
 20591 | Shoals:4 | Reached XP level 18. HP: 141/141 MP: 27/38
 20854 | Shoals:4 | Got a barnacled rune of Zot
 20946 | Shoals:4 | Identified the +0 scale mail "Vaoluy" {-Tele rCorr Int+3
                  | Stlth+} (You found it on level 4 of the Shoals)
 21516 | Slime:1  | Entered Level 1 of the Pits of Slime
 21904 | Slime:3  | Reached skill level 12 in Throwing
 22024 | Slime:5  | Entered Level 5 of the Pits of Slime
 22192 | Slime:5  | Noticed the Royal Jelly
 22250 | Slime:4  | Gained mutation: Armour fits poorly on your strangely
                  | shaped body. [a shining eye]
 22516 | Slime:5  | Killed the Royal Jelly
 22516 | Slime:5  | Reached XP level 19. HP: 96/148 MP: 39/39
 23144 | Slime:5  | Found the +9 staff of Wucad Mu {channel}
 23161 | Slime:5  | Identified the +7 trident of Tuebism {pain, *Noise rPois
                  | MR+ Int+2} (You found it on level 5 of the Pits of Slime)
 23193 | Slime:5  | Identified the amulet of the Good {Harm -Tele *Drain rPois
                  | rN+ Dex+6} (You found it on level 5 of the Pits of Slime)
 23194 | Slime:5  | Identified the +6 short sword of Zecyjam {drain, rElec rC+}
                  | (You found it on level 5 of the Pits of Slime)
 23200 | Slime:5  | Got a slimy rune of Zot
 23233 | Slime:5  | Identified the cursed +1 trident of Overwhelming Force
                  | {flame, Str+5} (You found it on level 5 of the Pits of
                  | Slime)
 23241 | Slime:5  | Identified the ring "Wotax" {*Drain Str+3 Int+2 Dex+2} (You
                  | found it on level 5 of the Pits of Slime)
 23635 | D:13     | You showed the slimy rune of Zot to enter a treasure trove
 23636 | Trove    | Entered a treasure trove
 23644 | Trove    | Got a vibrating turquoise ring
 23648 | Trove    | Got a pitted bone amulet
 23650 | Trove    | Got a vibrating jade amulet
 23652 | Trove    | Got a scintillating silver ring
 23654 | Trove    | Got a clouded brass ring
 23658 | Trove    | Got a flickering copper amulet
 23662 | Trove    | Got a crude lead ring
 23666 | Trove    | Got a translucent pewter ring
 23672 | Trove    | Got a translucent sapphire amulet
 23689 | D:13     | Identified the ring "Ytirph" {MP+9 Dex+4} (You found it in
                  | a treasure trove)
 23691 | D:13     | Identified the ring "Onat" {*Corrode rPois rF+++ MR+ Dex+3}
                  | (You found it in a treasure trove)
 23693 | D:13     | Identified the ring "Xutich" {*Corrode rF+ Int+4 SInv} (You
                  | found it in a treasure trove)
 23695 | D:13     | Identified the ring of Qamuycuq {+Fly Dex+2} (You found it
                  | in a treasure trove)
 23698 | D:13     | Identified the ring of Pawev {Ice Int+4} (You found it in a
                  | treasure trove)
 23771 | D:14     | Learned a level 5 spell: Bolt of Magma
 23950 | Vaults:1 | Entered Level 1 of the Vaults
 23950 | Vaults:1 | Found Dugg's Magic Scroll Emporium.
 23977 | Vaults:1 | Bought a scroll of identify for 36 gold pieces
 23977 | Vaults:1 | Bought a scroll of identify for 36 gold pieces
 23977 | Vaults:1 | Bought 2 scrolls of identify for 72 gold pieces
 23977 | Vaults:1 | Bought a scroll of identify for 36 gold pieces
 23977 | Vaults:1 | Bought a scroll of fog for 36 gold pieces
 23977 | Vaults:1 | Bought a scroll of blinking for 135 gold pieces
 23977 | Vaults:1 | Bought a scroll of teleportation for 54 gold pieces
 23977 | Vaults:1 | Bought a scroll of teleportation for 54 gold pieces
 23982 | D:14     | Identified the amulet of the Thistle {RegenMP rF+} (You
                  | found it in a treasure trove)
 23983 | D:14     | Identified the amulet "Godghohit" {Harm *Contam *Drain
                  | rPois Int+3} (You found it in a treasure trove)
 23984 | D:14     | Identified the amulet of Divine Intervention {*Drain +Rage
                  | rN+ Int+4} (You found it in a treasure trove)
 23985 | D:14     | Identified the amulet of Mistrust {+Rage Slay+2 SInv} (You
                  | found it in a treasure trove)
 24935 | Vaults:3 | Reached XP level 20. HP: 112/157 MP: 39/41
 24968 | Vaults:3 | Reached skill level 13 in Throwing
 25590 | Vaults:4 | Noticed Aizul
 25600 | Vaults:4 | Killed Aizul
 25922 | Vaults:4 | Noticed Boris
 26485 | Vaults:3 | Noticed a bone dragon
 26513 | Vaults:3 | Killed a bone dragon
 26514 | Vaults:3 | Noticed Frederick
 26644 | Vaults:3 | Reached XP level 21. HP: 164/165 MP: 43/43
 26778 | Vaults:3 | Found a staircase to the Crypt.
 26915 | Vaults:3 | Killed Frederick
 28013 | D:14     | Learned a level 6 spell: Statue Form
 28031 | D:15     | Entered Level 15 of the Dungeon
 28573 | D:15     | Identified the cursed +3 war axe of a wizard's laboratory
                  | {venom, *Corrode rN+ Dex+4} (You found it on level 15 of
                  | the Dungeon)
 28619 | D:15     | Found a staircase to the Depths.
 28631 | Depths:1 | Entered Level 1 of the Depths
 28678 | D:15     | Reached skill level 15 in Armour
 28838 | Depths:1 | Reached skill level 15 in Invocations
 28950 | Depths:1 | Found a gateway to Hell.
 29154 | Depths:2 | Found a gateway to a ziggurat.
 29222 | Depths:2 | Reached skill level 14 in Throwing
 29266 | Depths:3 | Identified the ring "Botweer" {Fire *Drain +Blink rPois
                  | Dex+4}
 29405 | Depths:3 | Noticed a golden dragon
 29421 | Depths:3 | Killed a golden dragon
 29424 | Depths:3 | Identified a ring of the Octopus King {AC+1 EV+1 Str+1
                  | Int+1 Dex+1 Stlth+}
 29468 | Depths:3 | Found Vocoor's Jewellery Emporium.
 29527 | Depths:3 | Noticed Saint Roka
 29551 | Depths:3 | Killed Saint Roka
 29551 | Depths:3 | Reached XP level 22. HP: 93/173 MP: 5/44
 29642 | Depths:3 | Found a one-way gate to the infinite horrors of the Abyss.
 29742 | Depths:3 | Found a one-way gate leading to the halls of Pandemonium.
 29912 | Depths:3 | Identified the ring of the Messenger {+Blink +Fly}
 30096 | Depths:3 | Reached skill level 15 in Spellcasting
 30201 | Depths:3 | Identified the +1 ring mail of Greed {-Cast MR- Int+10
                  | SInv} (You found it on level 3 of the Depths)
 30538 | Depths:4 | Reached skill level 15 in Fighting
 30930 | Depths:5 | Entered Level 5 of the Depths
 30989 | Depths:5 | Noticed a golden dragon
 30994 | Depths:5 | Noticed a golden dragon
 31010 | Depths:4 | Killed a golden dragon
 31269 | Depths:4 | Killed a golden dragon
 31302 | Depths:5 | Paralysed by a floating eye for 2 turns
 31318 | Depths:4 | Reached XP level 23. HP: 181/181 MP: 46/46
 31540 | Depths:5 | Reached skill level 15 in Shields
 31615 | Depths:5 | Reached skill level 15 in Stealth
 31728 | Depths:5 | Found a gate to the Realm of Zot.
 31866 | Hell     | Entered the Vestibule of Hell
 31866 | Hell     | Noticed Geryon
 31877 | Hell     | Killed Geryon
 32203 | Hell     | Reached skill level 15 in Short Blades
 32203 | Hell     | Reached skill level 15 in Long Blades
 32203 | Hell     | Reached skill level 15 in Axes
 32203 | Hell     | Reached skill level 15 in Maces & Flails
 32203 | Hell     | Reached skill level 15 in Polearms
 32203 | Hell     | Reached skill level 15 in Staves
 32203 | Hell     | Reached skill level 15 in Slings
 32203 | Hell     | Reached skill level 15 in Bows
 32203 | Hell     | Reached skill level 15 in Crossbows
 32203 | Hell     | Reached skill level 15 in Throwing
 32203 | Hell     | Reached skill level 15 in Dodging
 32203 | Hell     | Reached skill level 15 in Unarmed Combat
 32203 | Hell     | Reached skill level 15 in Evocations
 32443 | Hell     | Found a gateway to the Iron City of Dis.
 32916 | Elf:1    | Entered Level 1 of the Elven Halls
 33103 | Elf:1    | Found a magical portal.
 33108 | WizLab   | Entered Cigotuvi's Fleshworks
 33416 | WizLab   | Gained mutation: Your spells are a little easier to cast,
                  | but a little less powerful. [a shining eye]
 33435 | WizLab   | Paralysed by a floating eye for 3 turns
 33470 | WizLab   | Got a twitching wooden ring
 33527 | WizLab   | Identified the Disquisition on Shape Shifting
 33528 | WizLab   | Identified Cigotuvi's Incunabulum of Shape Shifting and
                  | Sinister Arts
 33536 | WizLab   | Learned a level 5 spell: Irradiate
 33722 | Elf:1    | Found Litu's General Store.
 33726 | Elf:1    | Bought a potion of haste for 160 gold pieces
 33726 | Elf:1    | Bought a wand of acid (10) for 448 gold pieces
 33726 | Elf:1    | Bought a scroll of identify for 32 gold pieces
 33770 | Elf:2    | Reached XP level 24. HP: 182/190 MP: 36/47
 33992 | Elf:3    | Entered Level 3 of the Elven Halls
 34217 | Elf:3    | Found Cekiaskunid's General Store.
 34226 | Elf:3    | Bought a scroll of identify for 36 gold pieces
 34226 | Elf:3    | Found Idduv's Magic Scroll Shop.
 34380 | Elf:3    | Identified the +9 long sword "Golenkoell" {antimagic,
                  | Str+4}
 34409 | Elf:3    | Identified the cursed +3 shortbow "Zasuemp" {speed, SInv}
 34409 | Elf:3    | Identified the ring "Voameq" {rN+ Str+4 Stlth-}
 34441 | Elf:3    | Identified the +8 short sword of Experimentation {freeze,
                  | Dex+4}
 34489 | Elf:3    | Identified the amulet "Laastoech" {+Rage rN+}
 34583 | Elf:3    | Identified the ring "Citi" {AC+3 Str+4}
 34641 | Elf:3    | Identified the ring of Jealousy {rF+ Int+2}
 34667 | Elf:3    | Identified the ring "Ijup" {rPois rF+++ Str-2 Int+2 Dex+4}
                  | (You found it in a wizard's laboratory)
 34680 | Elf:3    | Learned a level 3 spell: Mephitic Cloud
 34704 | Elf:3    | Identified Sorcery, Part Two
 34722 | Elf:3    | Identified the ring of the Gloaming {Str+3 Int+4} (You
                  | found it on level 3 of the Elven Halls)
 34730 | Elf:3    | Learned a level 2 spell: Sublimation of Blood
 34756 | Elf:3    | Identified the cursed +2 dagger "Xikal" {flame, +Inv Str+3
                  | Int+4} (You found it on level 3 of the Elven Halls)
 35122 | Vaults:1 | Bought a scroll of remove curse for 54 gold pieces
 35296 | Vaults:3 | Killed Boris
 35538 | Vaults:5 | Entered Level 5 of the Vaults
 35538 | Vaults:5 | Noticed an ancient lich
 35548 | Vaults:5 | Killed an ancient lich
 35548 | Vaults:5 | Reached skill level 16 in Throwing
 35548 | Vaults:5 | Reached XP level 25. HP: 181/198 MP: 9/47
 35685 | Vaults:5 | Identified the ring of Azxujux {MR+++ Dex+3}
 36112 | Vaults:5 | Reached skill level 17 in Throwing
 36340 | Vaults:5 | Identified the +0 ring mail "Divofyuc" {rF+ Int+4} (You
                  | found it on level 5 of the Vaults)
 36411 | Vaults:5 | Identified the +3 rapier of Adiluice {venom, rC++}
 36411 | Vaults:5 | Identified the cursed +0 robe of Levity {rPois rN+}
 36454 | Vaults:5 | Identified the Tome of Conjuration
 36620 | Vaults:5 | Reached XP level 26. HP: 207/207 MP: 48/48
 36637 | Vaults:5 | Got a silver rune of Zot
 36704 | Vaults:5 | Found the +5 robe of Misfortune {*Contam Harm *Corrode
                  | *Drain *Slow EV+5}
 37053 | D:14     | Upgraded the game from 0.23.2-44-ge536e68a2c to 0.23.3
 37151 | Hell     | Lost mutation: Armour fits poorly on your strangely shaped
                  | body. [potion of mutation]
 37151 | Hell     | Lost mutation: Your spells are a little easier to cast, but
                  | a little less powerful. [potion of mutation]
 37151 | Hell     | Gained mutation: You are resistant to hostile enchantments.
                  | (MR+) [potion of mutation]
 37151 | Hell     | Gained mutation: Your natural rate of healing is unusually
                  | fast. [potion of mutation]
 37222 | Hell     | Found a gateway to the freezing wastes of Cocytus.
 37231 | Coc:1    | Entered Level 1 of Cocytus
 37478 | Coc:2    | Noticed a shard shrike
 37498 | Coc:2    | Noticed a shard shrike
 37504 | Coc:2    | Killed a shard shrike
 37537 | Coc:3    | Gained mutation: Scrolls take you a little longer to read.
                  | [mutagenic glow]
 37804 | Coc:4    | Noticed a shard shrike
 37806 | Coc:4    | Noticed a shard shrike
 37809 | Coc:4    | Killed a shard shrike
 37810 | Coc:4    | Killed a shard shrike
 38056 | Coc:5    | Noticed a shard shrike
 38166 | Coc:6    | Reached skill level 18 in Throwing
 38268 | Coc:6    | You fall through a shaft!
 38268 | Coc:7    | Entered Level 7 of Cocytus
 38343 | Coc:7    | Noticed the Serpent of Hell
 38371 | Coc:7    | Identified the +4 scale mail of Lethargy {rPois MR+} (You
                  | found it on level 7 of Cocytus)
 38374 | Coc:7    | Identified the +6 flail "Qoremm" {freeze, rC+} (You found
                  | it on level 7 of Cocytus)
 38417 | Coc:7    | Noticed a shard shrike
 38421 | Coc:7    | Killed a shard shrike
 38421 | Coc:7    | Reached XP level 27. HP: 215/215 MP: 32/48
 38488 | Coc:7    | Killed the Serpent of Hell
 38921 | Coc:7    | Reached skill level 15 in Air Magic
 38933 | Coc:7    | Noticed Antaeus
 38972 | Coc:7    | Killed Antaeus
 39035 | Coc:7    | Got an icy rune of Zot
 39115 | Hell     | Lost mutation: Your muscles are strong. (Str +2) [potion of
                  | mutation]
 39115 | Hell     | Lost mutation: Scrolls take you a little longer to read.
                  | [potion of mutation]
 39115 | Hell     | Gained mutation: You have a considerably increased
                  | reservoir of magic. (+20% MP) [potion of mutation]
 39115 | Hell     | Gained mutation: Your movements are slightly less
                  | encumbered by armour. (ER -2) [potion of mutation]
 39225 | Depths:2 | Reached skill level 15 in Conjurations
 39225 | Depths:2 | Reached skill level 15 in Hexes
 39225 | Depths:2 | Reached skill level 15 in Charms
 39225 | Depths:2 | Reached skill level 15 in Summonings
 39225 | Depths:2 | Reached skill level 15 in Necromancy
 39225 | Depths:2 | Reached skill level 15 in Translocations
 39225 | Depths:2 | Reached skill level 15 in Transmutations
 39225 | Depths:2 | Reached skill level 15 in Fire Magic
 39225 | Depths:2 | Reached skill level 15 in Ice Magic
 39225 | Depths:2 | Reached skill level 15 in Earth Magic
 39225 | Depths:2 | Reached skill level 15 in Poison Magic
 39304 | Depths:2 | Reached skill level 19 in Throwing
 39476 | Zig:1    | Entered Level 1 of a ziggurat
 39493 | Zig:2    | Entered Level 2 of a ziggurat
 39530 | Zig:3    | Entered Level 3 of a ziggurat
 39552 | Zig:3    | Got a heavily runed glass ring
 39557 | Zig:4    | Entered Level 4 of a ziggurat
 39614 | Zig:5    | Entered Level 5 of a ziggurat
 39677 | Zig:5    | Learned a level 2 spell: Passwall
 39680 | Zig:5    | Identified the ring of Xuameruv {rF+ rN+ MR+ Str+3 Dex-5}
                  | (You found it on level 3 of a ziggurat)
 39690 | Zig:6    | Entered Level 6 of a ziggurat
 39736 | Zig:6    | Identified the +10 broad axe "Hyol" {drain, rElec} (You
                  | found it on level 6 of a ziggurat)
 39742 | Zig:7    | Entered Level 7 of a ziggurat
 39746 | Zig:7    | Noticed Sophaet the pandemonium lord
 39769 | Zig:7    | Killed Sophaet the pandemonium lord
 39800 | Zig:7    | Identified the +3 plate armour "Kodoerhe" {rPois} (You
                  | found it on level 7 of a ziggurat)
 39802 | Zig:7    | Identified the ring "Ruustrac" {+Fly rPois rF- MR+ Int+8}
                  | (You found it on level 7 of a ziggurat)
 39863 | Zig:8    | Entered Level 8 of a ziggurat
 39977 | Zig:9    | Entered Level 9 of a ziggurat
 39983 | Zig:9    | Noticed an ancient lich
 39983 | Zig:9    | Noticed an ancient lich
 39995 | Zig:9    | Killed an ancient lich
 39999 | Zig:9    | Killed an ancient lich
 40022 | Zig:9    | Got a smoking whip
 40023 | Zig:9    | Identified the +7 whip of Hospitality {slash, rC+ rN+
                  | Str+4} (You found it on level 9 of a ziggurat)
 40041 | Zig:10   | Entered Level 10 of a ziggurat
 40045 | Zig:10   | Noticed Umioprit the pandemonium lord
 40047 | Zig:10   | Noticed Soacwir the pandemonium lord
 40057 | Zig:10   | Killed Umioprit the pandemonium lord
 40071 | Zig:10   | Killed Soacwir the pandemonium lord
 40095 | Zig:10   | Learned a level 2 spell: Blink
 40130 | Zig:11   | Entered Level 11 of a ziggurat
 40184 | Zig:11   | Found the cursed +13 scythe of Curses {drain, *Curse}
 40189 | Zig:11   | Identified the Papyrus of Transmutation
 40207 | Zig:12   | Entered Level 12 of a ziggurat
 40213 | Zig:12   | Noticed Gaixoth the pandemonium lord
 40232 | Zig:12   | Killed Gaixoth the pandemonium lord
 40239 | Zig:12   | Reached skill level 20 in Throwing
 40269 | Zig:12   | Identified the +11 mace of Certain Death {vamp, rElec rPois
                  | Dex-3} (You found it on level 12 of a ziggurat)
 40302 | Zig:13   | Entered Level 13 of a ziggurat
 40368 | Zig:14   | Entered Level 14 of a ziggurat
 40388 | Zig:14   | Noticed an ancient lich
 40404 | Zig:14   | Killed an ancient lich
 40458 | Zig:14   | Identified the +9 scimitar of the Wraith {holy, -Tele rPois
                  | rC+} (You found it on level 14 of a ziggurat)
 40459 | Zig:14   | Identified the ring of Duroell {rC+ MR+ Int+4} (You found
                  | it on level 14 of a ziggurat)
 40460 | Zig:14   | Identified the +8 morningstar "Leviticus" {holy, rC+} (You
                  | found it on level 14 of a ziggurat)
 40510 | Zig:15   | Entered Level 15 of a ziggurat
 40642 | Zig:15   | Identified Kove's Guide on Boosts and the Entourage
 40657 | Zig:15   | Learned a level 7 spell: Malign Gateway
 40664 | Zig:15   | Identified the +5 plate armour of Space {+Inv MR+} (You
                  | found it on level 15 of a ziggurat)
 40681 | Zig:16   | Entered Level 16 of a ziggurat
 40689 | Zig:16   | Noticed a greater mummy
 40692 | Zig:16   | Noticed a greater mummy
 40702 | Zig:16   | Killed a greater mummy
 40707 | Zig:16   | Killed a greater mummy
 40725 | Zig:16   | Found the cursed +14 obsidian axe {chop, +Fly SInv *Curse}
 40732 | Zig:16   | Identified the Incunabulum of Lucky Sinister Arts
 40736 | Zig:16   | Identified the amulet of Unyturgh {RegenMP rPois Str-3
                  | Int+7} (You found it on level 16 of a ziggurat)
 40738 | Zig:16   | Got a transparent steel ring
 40740 | Zig:16   | Identified the cursed ring of the Evening {rC+ Int+6
                  | Slay-2} (You found it on level 16 of a ziggurat)
 40789 | Zig:17   | Entered Level 17 of a ziggurat
 40804 | Zig:17   | Mangled by an Ice Fiend

Skill      XL: |  1  2  3  4  5  6  7  8  9 10 11 12 13 14 15 16 17 18 19 20 21 22 23 24 25 26 27 |
---------------+----------------------------------------------------------------------------------+-----
Air Magic      | 2 3 4 5 6 7 8 9 10 11 12 13 14 16 | 16.1
Spellcasting   | 5 6 7 8 9 10 11 12 13 14 15 16 17 19 | 19.0
Invocations    | 1 2 3 4 5 6 7 8 9 10 11 12 13 14 15 16 17 18 19 | 19.9
Short Blades   | 1 2 3 4 5 6 7 8 9 10 11 12 13 14 15 16 17 18 | 18.5
Long Blades    | 1 2 3 4 5 6 7 8 9 10 11 12 13 14 15 16 17 18 | 18.5
Axes           | 1 2 3 4 5 6 7 8 9 10 11 12 13 14 15 16 17 18 | 18.5
Maces & Flails | 1 2 3 4 5 6 7 8 9 10 11 12 13 14 15 16 17 18 | 18.5
Polearms       | 1 2 3 4 5 6 7 8 9 10 11 12 13 14 15 16 17 18 | 18.5
Staves         | 1 2 3 4 5 6 7 8 9 10 11 12 13 14 15 16 17 18 | 18.5
Slings         | 1 2 3 4 5 6 7 8 9 10 11 12 13 14 15 16 17 18 | 18.5
Bows           | 1 2 3 4 5 6 7 8 9 10 11 12 13 14 15 16 17 18 | 18.5
Crossbows      | 1 2 3 4 5 6 7 8 9 10 11 12 13 14 15 16 17 18 | 18.5
Throwing       | 1 2 3 4 5 6 7 8 9 10 11 12 13 14 15 16 17 18 20 | 20.9
Dodging        | 1 2 3 4 5 6 7 8 9 10 11 12 13 14 15 16 17 18 | 18.5
Unarmed Combat | 1 2 3 4 5 6 7 8 9 10 11 12 13 14 15 16 17 19 | 19.0
Evocations     | 1 2 3 4 5 6 7 8 9 10 11 12 13 14 15 16 17 18 | 18.5
Conjurations   | 1 2 3 4 5 6 7 8 9 10 11 12 13 14 16 | 16.0
Hexes          | 1 2 3 4 5 6 7 8 9 10 11 12 13 14 16 | 16.0
Charms         | 1 2 3 4 5 6 7 8 9 10 11 12 13 14 16 | 16.0
Summonings     | 1 2 3 4 5 6 7 8 9 10 11 12 13 14 16 | 16.0
Necromancy     | 1 2 3 4 5 6 7 8 9 10 11 12 13 14 16 | 16.0
Translocations | 1 2 3 4 5 6 7 8 9 10 11 12 13 14 16 | 16.0
Transmutations | 1 2 3 4 5 6 7 8 9 10 11 12 13 14 16 | 16.0
Fire Magic     | 1 2 3 4 5 6 7 8 9 10 11 12 13 14 16 | 16.0
Ice Magic      | 1 2 3 4 5 6 7 8 9 10 11 12 13 14 16 | 16.0
Earth Magic    | 1 2 3 4 5 6 7 8 9 10 11 12 13 14 16 | 16.0
Poison Magic   | 1 2 3 4 5 6 7 8 9 10 11 12 13 14 16 | 16.0
Shields        | 3 4 5 6 7 8 9 10 11 12 13 14 15 16 17 18 | 18.7
Stealth        | 3 4 5 6 7 8 9 10 11 12 13 14 15 16 17 18 | 18.6
Fighting       | 5 6 7 8 9 10 11 12 13 14 15 16 17 18 | 18.9
Armour         | 7 8 9 10 11 12 13 14 15 16 17 19 | 19.3

Action                   |  1- 3 |  4- 6 |  7- 9 | 10-12 | 13-15 | 16-18 | 19-21 | 22-24 | 25-27 || total
-------------------------+-------+-------+-------+-------+-------+-------+-------+-------+-------++-------
Melee: Short sword       |    14 |       |       |       |       |       |       |     2 |     9 ||    25
       Spear             |   119 |    99 |     7 |       |       |       |       |       |       ||   225
       Bite              |    13 |    30 |    46 |    84 |   105 |   126 |   141 |   101 |   189 ||   835
       Punch             |     1 |     2 |     5 |     2 |       |       |       |       |       ||    10
       Dagger            |       |   106 |   184 |   153 |       |     2 |       |       |       ||   445
       Falchion          |       |    14 |   105 |   140 |       |       |       |       |       ||   259
       Mace              |       |       |    43 |     8 |       |     2 |       |       |       ||    53
       Eveningstar       |       |       |       |   203 |   725 |   376 |       |       |       ||  1304
       War axe           |       |       |       |       |       |   310 |    60 |       |       ||   370
       Trident           |       |       |       |       |       |       |   866 |   723 |   341 ||  1930
       Staff             |       |       |       |       |       |       |       |    14 |     2 ||    16
       Unarmed           |       |       |       |       |       |       |       |       |   746 ||   746
       Rapier            |       |       |       |       |       |       |       |       |    78 ||    78
 Fire: Blowgun           |       |    17 |    61 |    40 |    26 |    22 |    11 |     2 |    15 ||   194
       Fustibalus        |       |       |    24 |    27 |       |       |       |       |       ||    51
       Hand crossbow     |       |       |       |       |    39 |   218 |       |       |       ||   257
Throw: Stone             |     4 |     6 |     4 |       |       |       |       |       |       ||    14
       Tomahawk          |       |       |     8 |    16 |    80 |   104 |   162 |   100 |       ||   470
       Javelin           |       |       |       |     5 |    15 |     9 |       |    40 |    91 ||   160
       Throwing net      |       |       |       |       |     2 |       |     9 |       |     1 ||    12
 Cast: Animate Skeleton  |       |       |    43 |    33 |    25 |       |       |       |       ||   101
       Apportation       |       |       |     5 |    71 |   214 |   272 |   162 |   156 |   187 ||  1067
       Summon Lightning  |       |       |       |    21 |    65 |    99 |    81 |    61 |    36 ||   363
       Regeneration      |       |       |       |     6 |    12 |    36 |    28 |    27 |    85 ||   194
       Confusing Touch   |       |       |       |     3 |     1 |       |       |       |       ||     4
       Tukima's Dance    |       |       |       |       |     1 |       |       |       |       ||     1
       Fireball          |       |       |       |       |       |    51 |   137 |   120 |    71 ||   379
       Borgnjor's Vile C |       |       |       |       |       |    62 |   160 |   217 |   188 ||   627
       Bolt of Magma     |       |       |       |       |       |       |    16 |    21 |    53 ||    90
       Statue Form       |       |       |       |       |       |       |       |    11 |    41 ||    52
       Irradiate         |       |       |       |       |       |       |       |     3 |    10 ||    13
       Sublimation of Bl |       |       |       |       |       |       |       |       |    17 ||    17
       Malign Gateway    |       |       |       |       |       |       |       |       |     3 ||     3
       Mephitic Cloud    |       |       |       |       |       |       |       |       |     1 ||     1
       Blink             |       |       |       |       |       |       |       |       |     1 ||     1
Invok: Upheaval          |       |       |       |       |     6 |     2 |     3 |     4 |    23 ||    38
       Elemental Force   |       |       |       |       |     1 |     1 |     1 |       |     2 ||     5
       Disaster Area     |       |       |       |       |       |       |       |       |     4 ||     4
 Abil: Evoke Blink       |       |       |       |       |       |     2 |     1 |       |       ||     3
       End Transformatio |       |       |       |       |       |       |       |     2 |     5 ||     7
       Evoke Flight      |       |       |       |       |       |       |       |       |     4 ||     4
       Stop Flying       |       |       |       |       |       |       |       |       |     3 ||     3
Evoke: Wand              |       |       |    13 |    20 |    13 |    36 |     4 |     1 |     9 ||    96
       Staff of energy   |       |       |       |       |       |   204 |   251 |   335 |    92 ||   882
       Lightning rod     |       |       |       |       |       |     3 |     5 |     7 |       ||    15
       Staff of Wucad Mu |       |       |       |       |       |       |       |       |    23 ||    23
       Phantom mirror    |       |       |       |       |       |       |       |       |     3 ||     3
       Lamp of fire      |       |       |       |       |       |       |       |       |     2 ||     2
  Use: Potion            |     3 |     4 |     1 |       |     5 |     5 |     2 |     4 |    20 ||    44
       Scroll            |       |     2 |     8 |    12 |    17 |    14 |    16 |    10 |    24 ||   103
 Stab: Distracted        |       |       |     1 |     4 |    10 |    15 |    35 |    10 |    14 ||    89
       Confused          |       |       |       |       |     1 |       |       |       |       ||     1
       Held in net/web   |       |       |       |       |     1 |       |     3 |       |       ||     4
       Paralysed         |       |       |       |       |       |     8 |       |     2 |     1 ||    11
       Invisible         |       |       |       |       |       |       |       |       |     4 ||     4
  Eat: Chunk             |       |     6 |    10 |    16 |    22 |    26 |    41 |    34 |    25 ||   180
       Ration            |       |       |       |     1 |     1 |     7 |     5 |     3 |     5 ||    22
Armor: Scale mail        |    68 |   106 |   148 |   156 |   210 |   260 |       |       |       ||   948
       Chain mail        |       |       |       |       |       |   161 |   143 |   123 |    81 ||   508
       Skin              |       |       |       |       |       |       |       |   141 |   736 ||   877
Dodge: Dodged            |    40 |   106 |   184 |   185 |   237 |   329 |    78 |   299 |  1428 ||  2886
       Deflected         |       |       |       |     5 |     9 |    25 |    16 |    12 |    44 ||   111
Block: Other             |       |       |    36 |    22 |       |       |       |       |       ||    58
       Buckler           |       |       |       |    70 |       |       |       |       |       ||    70
       Shield            |       |       |       |   263 |   962 |  1459 |   935 |  1145 |  3865 ||  8629
       Rpst.: Falchion   |       |     2 |    13 |    18 |       |       |       |       |       ||    33
